 Dungeon Crawl Stone Soup version 0.24-a0-613-g1ff6aac338 (webtiles) character file.

Game seed: 11331428793503931934, levelgen mode: deterministic

4571 Peloso the Carver (level 10, -9/88 HPs)
             Began as a Minotaur Fighter on Sept 10, 2019.
             Engulfed by an ice statue's freezing vapour (23 damage)
             ... in an ice cave.
             The game lasted 00:12:01 (6303 turns).

Peloso the Carver (Minotaur Fighter)                Turns: 6303, Time: 00:12:01

Health: -9/88      AC: 16    Str: 28    XL:     10   Next: 18%
Magic:  9/9        EV:  8    Int:  5    God:
Gold:   417        SH: 12    Dex: 11    Spells: 9/9 levels left

rFire    . . .     SeeInvis .   a - +0 long sword
rCold    . . .     Gourm    .   c - +0 shield
rNeg     . . .     Faith    +   I - +0 plate armour
rPois    .         Spirit   .   (helmet restricted)
rElec    .         Reflect  .   G - +0 cloak
rCorr    .         Harm     .   g - +0 pair of gloves
MR       ++...                  (no boots)
Stlth    ..........             n - amulet of faith
HPRegen  0.24/turn              B - ring of protection from magic
MPRegen  0.11/turn              K - ring of protection from magic

@: mighty
A: retaliatory headbutt, horns 2
a: no special abilities


You were in an ice cave.
You were not hungry.

You visited 2 branches of the dungeon, and saw 10 of its levels.
You also visited: Ice Cave.

You collected 417 gold pieces.

Inventory:

Hand Weapons
 a - a +0 long sword (weapon)
 u - a +2 whip of flaming
Armour
 b - a +0 scale mail
 c - a +0 shield (worn)
 g - a +0 pair of gloves (worn)
 G - a +0 cloak (worn)
 I - a +0 plate armour (worn)
Jewellery
 n - an amulet of faith (around neck)
 q - a +3 ring of intelligence
 z - an uncursed ring of fire
 B - a ring of protection from magic (left hand)
 K - a ring of protection from magic (right hand)
Wands
 r - a wand of flame (19)
 s - a wand of enslavement (5)
 t - a wand of disintegration (18)
 y - a wand of scattershot (5)
 D - a wand of iceblast (8)
Scrolls
 h - a scroll of vulnerability {unknown}
 i - 2 scrolls of immolation {unknown}
 l - 5 scrolls of identify
 m - a scroll of enchant weapon {unknown}
 o - 6 scrolls of remove curse
 v - 3 scrolls of teleportation {unknown}
 w - 3 scrolls of amnesia {unknown}
 x - 4 scrolls of enchant armour {unknown}
 C - 2 scrolls of magic mapping {unknown}
 E - 2 scrolls of blinking {unknown}
 J - a scroll of holy word {unknown}
Potions
 d - 3 potions of might
 e - a potion of flight
 j - 2 potions of heal wounds
 k - 2 potions of haste
 p - 3 potions of mutation
 A - a potion of berserk rage {unknown}
 F - 2 potions of lignification {unknown}
 H - a potion of curing
 L - a potion of magic {unknown}
Comestibles
 f - 14 rations


   Skills:
 + Level 8.1 Fighting
 + Level 10.8 Long Blades
 + Level 8.8 Armour
 + Level 3.0 Dodging
 + Level 1.3 Stealth
 + Level 9.2 Shields


You had 9 spell levels left.
You didn't know any spells.
Your spell library contained the following spells:

 Spells                   Type           Power        Failure   Level  Hunger
 Confusing Touch          Hex            #.....       100%        1    ##.....
 Confuse                  Hex            #.......     100%        3    ####...
 Gell's Gravitas          Tloc           #.........   100%        3    ####...
 Petrify                  Tmut/Erth      #.......     100%        4    #####..
 Metabolic Englaciation   Hex/Ice        #.........   100%        5    ######.
 Yara's Violent Unravell  Hex/Tmut       #.........   100%        5    ######.


Dungeon Overview and Level Annotations

Branches:
Dungeon (11/15)            Temple (1/1) D:6           IceCv (1/1)
   Lair: D:8-11         Orc: D:9-12

Altars:
Ashenzari
Cheibriados
Dithmenos
Elyvilon
Fedhas
Gozag
Hepliaklqana
Kikubaaqudgha
Makhleb
Nemelex Xobeh
Qazlal
Ru
Sif Muna
Trog
Uskayaw
Vehumet
Wu Jian
Xom
Yredelemnul
Zin
The Shining One

Shops:
D:4 %

Annotations:
IceCv exclusion: ice statue


Innate Abilities, Weirdness & Mutations

You reflexively headbutt those who attack you in melee.
You have a pair of horns on your head.


Message History

The ice statue is severely damaged.
You are engulfed in freezing vapours.
* * * LOW HITPOINT WARNING * * *
The ice beast hits you but does no damage.
You block the ice beast's attack.
Unknown command.
You slash the ice statue! You headbutt the ice statue.
The ice statue is almost destroyed.
You are engulfed in freezing vapours.
* * * LOW HITPOINT WARNING * * *
The ice beast hits you but does no damage.
You block the ice beast's attack.
The ice statue gestures.
The ice beast closely misses you.
You hit the ice statue but do no damage.
You headbutt the ice statue.
You destroy the ice statue!
The ice beast disappears in a puff of smoke! x2
You are engulfed in freezing vapours.
You die...

..## #... ... ##..##
#....## ##.....## ####
#☼○○....# ##..######
##@.....# #....##..##
###§Y○○...#
..........###.○☼.§....#
.∩.∩.......#....§......#
.......##....##§.≈§§...#
#....#####..####Y......#
##..## #### 8§.○...##
#### ###.#.## ####


You could see an ice statue and 2 ice beasts.

Vanquished Creatures
  Pikel (D:4)
  An ugly thing (D:11)
  Psyche (D:8)
  An ice statue (IceCv)
  An ice devil (IceCv)
  A hippogriff (D:7)
  A vampire (D:11)
  Edmund (D:6)
  3 orc warriors
  2 phantoms
  A black bear (D:7)
  A sky beast (D:5)
  2 ogres
  4 bullfrogs
  A scorpion (D:7)
  4 killer bees (D:6)
  2 howler monkeys
  2 crimson imps (D:7)
  2 jellies
  A centaur skeleton (D:7)
  5 hounds
  3 orc wizards
  Crazy Yiuf (D:5)
  3 orc priests
  An iguana (D:7)
  8 worker ants
  A hound skeleton (D:4)
  A howler monkey skeleton (D:7)
  6 gnolls
  10 adders
  2 white imps (IceCv)
  4 ufetubi (IceCv)
  2 adder skeletons
  2 worms
  3 dart slugs
  2 leopard geckos
  26 orcs
  2 ball pythons (D:3)
  8 bats
  5 giant cockroaches
  8 goblins
  8 hobgoblins
  13 jackals
  7 kobolds
  A quokka (D:5)
  4 frilled lizards
  A jackal skeleton (D:4)
  A leopard gecko zombie (D:7)
  A quokka skeleton (D:5)
  A quokka zombie (D:7)
  7 rats
  2 fungi (D:5)
182 creatures vanquished.

Vanquished Creatures (others)
  A reaper (IceCv)
  An orc priest (D:4)
  An orc wizard (D:4)
  A gnoll (D:4)
  5 white imps (IceCv)
  5 ufetubi (IceCv)
  A dart slug (D:4)
  2 orcs (D:4)
17 creatures vanquished.

Grand Total: 199 creatures vanquished

Notes
Turn   | Place    | Note
-------+----------+-------------------------------------------
     0 | D:1      | Peloso the Minotaur Fighter began the quest for the Orb.
     0 | D:1      | Reached XP level 1. HP: 19/19 MP: 0/0
   129 | D:1      | Reached XP level 2. HP: 27/27 MP: 1/1
   357 | D:1      | Reached skill level 3 in Long Blades
   401 | D:1      | Reached XP level 3. HP: 31/33 MP: 2/2
   911 | D:2      | Found a faded altar of an unknown god.
   982 | D:2      | Found a sacrificial altar of Ru.
  1075 | D:2      | Found a blossoming altar of Fedhas.
  1238 | D:3      | Reached XP level 4. HP: 40/40 MP: 3/3
  1473 | D:4      | Found a white marble altar of Elyvilon.
  1474 | D:4      | Noticed Pikel
  1474 | D:4      | Noticed a slave
  1474 | D:4      | Noticed a slave
  1483 | D:4      | Noticed a slave
  1489 | D:4      | Noticed a slave
  1493 | D:4      | Killed Pikel
  1493 | D:4      | Reached skill level 6 in Long Blades
  1493 | D:4      | Reached skill level 5 in Armour
  1493 | D:4      | Reached skill level 5 in Shields
  1493 | D:4      | Reached XP level 5. HP: 39/47 MP: 4/4
  1493 | D:4      | Reached XP level 6. HP: 44/53 MP: 5/5
  1564 | D:4      | Reached XP level 7. HP: 60/60 MP: 6/6
  1707 | D:4      | Found Ummez Qar's Food Shoppe.
  1810 | D:4      | Found a hide-covered altar of Uskayaw.
  2277 | D:4      | Found an ancient bone altar of Kikubaaqudgha.
  2732 | D:5      | Entered Level 5 of the Dungeon
  2842 | D:5      | Reached skill level 5 in Fighting
  2934 | D:5      | Reached skill level 7 in Long Blades
  3352 | D:5      | Found a runed translucent door.
  3353 | D:5      | Noticed Crazy Yiuf
  3603 | D:5      | Killed Crazy Yiuf
  3722 | D:6      | Reached XP level 8. HP: 62/68 MP: 7/7
  3751 | D:6      | Noticed Edmund
  3779 | D:6      | Killed Edmund
  3787 | D:6      | Reached skill level 8 in Long Blades
  3936 | D:6      | Found a staircase to the Ecumenical Temple.
  3951 | Temple   | Entered the Ecumenical Temple
  5011 | D:7      | Reached skill level 9 in Long Blades
  5042 | D:6      | Reached XP level 9. HP: 33/75 MP: 8/8
  5321 | D:7      | Found a sparkling altar of Nemelex Xobeh.
  5650 | D:7      | Found a burning altar of Makhleb.
  5889 | D:8      | Noticed Psyche
  5896 | D:8      | Killed Psyche
  5896 | D:8      | Reached skill level 10 in Long Blades
  5912 | D:8      | You fall into a shaft and drop 3 floors!
  5912 | D:11     | Found a frozen archway.
  5917 | D:11     | Reached skill level 1 in Stealth
  5923 | D:11     | Noticed a brown ugly thing
  5929 | D:11     | Killed a brown ugly thing
  5929 | D:11     | Reached XP level 10. HP: 70/88 MP: 9/9
  5936 | IceCv    | Entered an ice cave
  6065 | IceCv    | Killed a reaper
  6294 | IceCv    | Noticed an ice statue
  6294 | IceCv    | Noticed an ice statue
  6303 | IceCv    | Killed an ice statue
  6303 | IceCv    | Engulfed by an ice statue's freezing vapour

Levels and vault maps discovered:
D:1:      lemuel_arrival_room, layout_basic, minivault_26
D:2:      layout_rooms, lemuel_coloured_pillars_altar, lemuel_crystal_altar,
          chequers_ecumenical_altar_twisty, first_ration
D:3:      kb_forest_paths, layout_loops_cross
D:4:      layout_gridville, kennysheep_mini, eat_drink_and_be_merry_uskayaw,
          lightli_ossuary_entry_decrepit_ruins, serial_shops,
          kennysheep_mini_moat, elyvilon_altar_5, uniq_pikel
D:5:      layout_basic, fountainhead, uniq_crazy_yiuf_cottage
D:6:      layout_basic, minmay_temple_entry_poolview, uniq_edmund
D:7:      minmay_angry_zag, layout_rooms, nicolae_overflow_crystal_walls,
          basic_altar
D:8:      layout_cave_pods, kennysheep_okawaru_gauntlet, uniq_psyche
D:11:     layout_roguey, portal_ice_cave_entry_pillars_2, the_bakery
Temple:   eino_temple_scatter_basement
IceCv:    ice_cave_small_demon

Skill      XL: |  1  2  3  4  5  6  7  8  9 10 |
---------------+-------------------------------+-----
Shields        | 4 5 6 7 9 |  9.2
Long Blades    | 3 6 7 9 10 | 10.8
Armour         | 4 5 6 7 8 |  8.8
Fighting       | 4 5 6 7 8 |  8.1
Dodging        | 2 3 |  3.0
Stealth        | 1 |  1.3

Action                   |  1- 3 |  4- 6 |  7- 9 | 10-12 || total
-------------------------+-------+-------+-------+-------++-------
Melee: Long sword        |    95 |    21 |   417 |    43 ||   576
       Headbutt          |    17 |     4 |    97 |    12 ||   130
  Use: Potion            |     5 |       |     3 |     2 ||    10
       Scroll            |       |       |     5 |       ||     5
  Eat: Chunk             |       |     2 |     7 |       ||     9
       Ration            |       |       |     2 |     1 ||     3
Armor: Scale mail        |    62 |    11 |    43 |       ||   116
       Plate armour      |       |       |   158 |    37 ||   195
Dodge: Dodged            |    38 |     9 |    98 |    16 ||   161
Block: Shield            |    65 |     9 |   217 |    43 ||   334
       Rpst.: Long sword |    10 |     4 |    31 |     2 ||    47

Table legend:
 A = Non-vault XP
 B = Vault XP
 C = Vault XP percentage of total XP
 D = Non-vault monster count
 E = Vault monster count
 F = Vault count percentage of total count
                 A         B        C        D         E       F
            +---------+---------+-------+---------+---------+-------
      Total |    4361 |    2170 |  33.2 |     159 |      21 |  11.7
            +---------+---------+-------+---------+---------+-------
        D:1 |      47 |       0 |   0.0 |      29 |       0 |   0.0
        D:2 |      44 |       0 |   0.0 |      17 |       0 |   0.0
        D:3 |     120 |      23 |  16.1 |      12 |       6 |  33.3
        D:4 |     115 |     586 |  83.6 |      13 |       1 |   7.1
        D:5 |     326 |      40 |  10.9 |      22 |       1 |   4.3
        D:6 |    1278 |     171 |  11.8 |      32 |       1 |   3.0
        D:7 |    1572 |      95 |   5.7 |      30 |       3 |   9.1
        D:8 |      34 |     424 |  92.6 |       1 |       1 |  50.0
       D:11 |     825 |       0 |   0.0 |       3 |       0 |   0.0
      IceCv |       0 |     831 | 100.0 |       0 |       8 | 100.0
            +---------+---------+-------+---------+---------+-------
